 Dungeon Crawl Stone Soup version 0.26-a0-58-g79b31b8662 (webtiles) character file.

Game seed: 16571449988980378118

2214 Ozzies the Fighter (level 9, 0/86 HPs)
             Began as a Minotaur Berserker on June 8, 2020.
             Was a High Priest of Trog.
             Slain by a porcupine (11 damage)
             ... on level 8 of the Dungeon.
             The game lasted 00:15:41 (7491 turns).

Ozzies the Fighter (Minotaur Berserker)             Turns: 7491, Time: 00:15:42

Health: 0/86       AC: 14    Str: 25    XL:     9   Next: 13%
Magic:  8/8        EV:  8    Int:  4    God:    Trog [*****.]
Gold:   300        SH:  9    Dex:  6    Spells: 8/8 levels left

rFire    + . .     SeeInvis .   B - +2 spear (flame)
rCold    . . .     Gourm    .   H - +0 kite shield
rNeg     . . .     Faith    .   I - +2 scale mail {rPois}
rPois    +         Spirit   .   (helmet restricted)
rElec    .         Reflect  .   (no cloak)
rCorr    .         Harm     .   y - +0 pair of gloves "Fukit" {*Corrode +Inv MR+++ Dex-4}
MR       ++++.                  (no boots)
Stlth    ..........             P - amulet of the acrobat
HPRegen  0.24/turn              D - ring of Atyl {rF+ MR+}
MPRegen  0.11/turn              C - +4 ring of protection

@: no status effects
A: retaliatory headbutt, horns 2
a: Berserk, Trog's Hand, Brothers in Arms, Renounce Religion, Evoke Invisibility


You were on level 8 of the Dungeon.
You worshipped Trog.
Trog was extremely pleased with you.
You were not hungry.

You visited 1 branch of the dungeon, and saw 8 of its levels.

You collected 425 gold pieces.
You spent 125 gold pieces at shops.

Inventory:

Hand Weapons
 a - a +0 hand axe
 B - a +2 spear of flaming (weapon)
Armour
 b - a +0 animal skin
 q - a +0 plate armour
 y - the +0 pair of gloves "Fukit" (worn) {*Corrode +Inv MR+++ Dex-4}
   (You found it on level 4 of the Dungeon)

   It affects your dexterity (-4).
   It affects your resistance to hostile enchantments.
   It lets you turn invisible.
   It may corrode you when you take damage.
 E - a +0 scale mail
 H - a +0 kite shield (worn)
 I - a +2 scale mail of poison resistance (worn)
Jewellery
 x - an uncursed ring of flight
 z - a +6 ring of strength
 C - a +4 ring of protection (right hand)
 D - the ring of Atyl (left hand) {rF+ MR+}
   (You found it on level 5 of the Dungeon)

   [ring of protection from fire]

   It protects you from fire.
   It affects your resistance to hostile enchantments.
 F - an uncursed ring of stealth
 M - an uncursed ring of protection from fire
 P - an amulet of the acrobat (around neck)
Wands
 G - a wand of disintegration (8)
 J - a wand of acid (5)
 O - a wand of enslavement (5)
Scrolls
 d - 4 scrolls of teleportation
 f - 3 scrolls of identify
 g - 4 scrolls of remove curse
 j - 4 scrolls of noise {unknown}
 k - 3 scrolls of blinking {unknown}
 l - 4 scrolls of amnesia {unknown}
 m - 5 scrolls of fear {unknown}
 o - a scroll of fog {unknown}
 p - a scroll of magic mapping {unknown}
 v - a scroll of immolation {unknown}
 K - a scroll of random uselessness {unknown}
 N - a scroll of enchant armour {unknown}
Potions
 e - 3 potions of curing
 h - 5 potions of stabbing
 i - a potion of ambrosia {unknown}
 n - 3 potions of degeneration {unknown}
 r - a potion of flight {unknown}
 s - a potion of cancellation {unknown}
 t - a potion of heal wounds {unknown}
 u - 2 potions of berserk rage {unknown}
 w - 2 potions of brilliance {unknown}
 A - a potion of haste {unknown}
 L - a potion of lignification {unknown}
Comestibles
 c - 12 rations


   Skills:
 * Level 10.9 Fighting
 + Level 7.7 Axes
 + Level 5.9 Armour
 - Level 3.0 Dodging
 * Level 4.4 Shields


You had 8 spell levels left.
You didn't know any spells.
Your spell library was empty.

Dungeon Overview and Level Annotations

Branches:
Dungeon (8/15)             Temple (0/1) D:4
   Lair: D:8-11

Altars:
Uskayaw

Shops:
D:4 (:*%   D:5 :


Innate Abilities, Weirdness & Mutations

You reflexively headbutt those who attack you in melee.
You have a pair of horns on your head.


Message History

You hit the porcupine. You burn the porcupine.
You kill the porcupine!
Trog accepts your kill.
Trog will now gift you melee weapons as you gain piety.
The porcupine bites you!
You completely miss the porcupine. The porcupine bites you.
* * * LOW HITPOINT WARNING * * *
You block the porcupine's attack.
You hit the porcupine. You burn the porcupine.
The porcupine is lightly wounded.
You block the porcupine's attack.
You are struck by the porcupine's spines.
* * * LOW HITPOINT WARNING * * *
You hit the porcupine but do no damage.
The porcupine is lightly wounded.
The porcupine bites you but does no damage.
You're too hungry.
You eat one of the 13 rations.
That ration really hit the spot!
The porcupine bites you!
You die...

#................#
#................###
#......#+####'#........
#......#......#........
#......#......#........
#......#......#........
#......#......#........
#......#......#........
#......#@.....#........
#......#r##...#........
##......W.#####
#........# #........#
#....†...# #........#
#..........
#.........P..


You could see a phantom and a porcupine.

Vanquished Creatures
  Sigmund (D:3)
  A porcupine (D:8)
  An orc warrior (D:6)
  An ice beast (D:5)
  7 ogres
  A crocodile (D:8)
  2 bullfrogs (D:6)
  A gnoll sergeant (D:5)
  3 scorpions
  2 crimson imps
  A jelly (D:7)
  A hound (D:6)
  2 orc wizards
  A centaur skeleton (D:5)
  A gnoll shaman (D:6)
  2 iguanas
  6 worker ants
  A hound skeleton (D:6)
  2 worker ant zombies
  A howler monkey skeleton (D:4)
  8 gnolls
  11 adders
  4 adder zombies
  2 oozes
  An adder skeleton (D:6)
  3 worms
  4 dart slugs
  A leopard gecko (D:3)
  11 orcs
  9 bats
  4 giant cockroaches
  6 goblins
  11 hobgoblins
  7 jackals
  4 quokkas
  2 ball pythons (D:5)
  6 frilled lizards
  8 kobolds
  A quokka skeleton (D:5)
  7 rats
148 creatures vanquished.

Vanquished Creatures (others)
  4 fungi (D:8)
4 creatures vanquished.

Grand Total: 152 creatures vanquished

Notes
Turn   | Place    | Note
-------+----------+-------------------------------------------
     0 | D:1      | Ozzies the Minotaur Berserker began the quest for the Orb.
     0 | D:1      | Reached XP level 1. HP: 19/19 MP: 0/0
   117 | D:1      | Reached skill level 4 in Fighting
   254 | D:1      | Reached XP level 2. HP: 21/28 MP: 1/1
   891 | D:2      | Reached skill level 5 in Fighting
   891 | D:2      | Reached XP level 3. HP: 33/36 MP: 2/2
   943 | D:2      | Reached ** piety under Trog
  1506 | D:2      | Reached skill level 6 in Fighting
  1506 | D:2      | Reached XP level 4. HP: 44/44 MP: 3/3
  2061 | D:3      | Noticed an ogre
  2274 | D:3      | Reached *** piety under Trog
  2277 | D:3      | Reached skill level 7 in Fighting
  2277 | D:3      | Reached XP level 5. HP: 40/52 MP: 4/4
  2511 | D:3      | Killed an ogre
  2680 | D:3      | Noticed Sigmund
  2684 | D:3      | Killed Sigmund
  2684 | D:3      | Reached skill level 8 in Fighting
  2684 | D:3      | Reached skill level 5 in Axes
  2684 | D:3      | Reached XP level 6. HP: 61/61 MP: 5/5
  3557 | D:4      | Reached XP level 7. HP: 44/69 MP: 6/6
  3700 | D:4      | Found a staircase to the Ecumenical Temple.
  4258 | D:4      | Found Gaserynu's Assorted Antiques.
  4260 | D:4      | Found Vullulac's Food Shoppe.
  4266 | D:4      | Found Benlamim's Weapon Shoppe.
  4269 | D:4      | Found Hiegom's Book Shoppe.
  4301 | D:4      | Bought a tubular emerald ring for 125 gold pieces
  4349 | D:4      | Got a pair of buzzing gloves
  4354 | D:4      | Identified the cursed +0 pair of gloves "Fukit" {*Corrode
                  | +Inv MR+++ Dex-4} (You found it on level 4 of the Dungeon)
  4377 | D:5      | Entered Level 5 of the Dungeon
  4389 | D:5      | Reached skill level 9 in Fighting
  4420 | D:5      | Found Yqiud's Book Shoppe.
  4657 | D:5      | Reached **** piety under Trog
  4660 | D:5      | Reached XP level 8. HP: 78/78 MP: 7/7
  4785 | D:5      | Got a vibrating jade ring
  4816 | D:5      | Found a hide-covered altar of Uskayaw.
  4849 | D:5      | Identified the ring of Atyl {rF+ MR+} (You found it on
                  | level 5 of the Dungeon)
  5404 | D:6      | Reached skill level 10 in Fighting
  5729 | D:6      | Reached skill level 5 in Armour
  5916 | D:6      | Reached skill level 1 in Shields
  7392 | D:8      | Reached XP level 9. HP: 86/86 MP: 8/8
  7486 | D:8      | Reached ***** piety under Trog
  7491 | D:8      | Slain by a porcupine

Illustrated notes

Levels and vault maps discovered:
D:1:      kennysheep_arrival_forest, layout_basic
D:2:      layout_basic
D:3:      layout_basic, first_ration, uniq_sigmund
D:4:      layout_basic, minmay_temple_entry_tees, minmay_shop_grid_forest
D:5:      layout_gridville, serial_shops, shop_fountains, lemuel_statue_altar
D:6:      layout_loops_cross, serial_glass, glass_columns_b, glass_columns_a
D:7:      layout_rooms
D:8:      layout_gridville, lemuel_crystal_altar, due_lair_maze_entry_diamond,
          serial_shops, nicolae_shop_window_shopping

Skill      XL: |  1  2  3  4  5  6  7  8  9 |
---------------+----------------------------+-----
Fighting       | 4 5 6 7 8 9 10 | 10.9
Axes           | 5 6 7 |  7.7
Armour         | 3 4 5 |  5.9
Dodging        | 3 |  3.0
Shields        | 3 4 |  4.4

Action                   |  1- 3 |  4- 6 |  7- 9 || total
-------------------------+-------+-------+-------++-------
Melee: Hand axe          |    63 |   121 |    76 ||   260
       Headbutt          |     8 |    18 |    41 ||    67
       Spear             |       |       |   205 ||   205
Invok: Berserk           |     1 |     3 |     2 ||     6
  Use: Scroll            |       |       |     3 ||     3
 Stab: Sleeping          |     1 |       |       ||     1
  Eat: Chunk             |     2 |     8 |    11 ||    21
       Ration            |       |       |     2 ||     2
Armor: Animal skin       |    15 |    16 |       ||    31
       Plate armour      |       |     7 |    38 ||    45
       Scale mail        |       |       |    68 ||    68
Dodge: Dodged            |    40 |    76 |    73 ||   189
Block: Kite shield       |       |       |    65 ||    65

Table legend:
 A = Non-vault XP
 B = Vault XP
 C = Vault XP percentage of total XP
 D = Non-vault monster count
 E = Vault monster count
 F = Vault count percentage of total count
                 A         B        C        D         E       F
            +---------+---------+-------+---------+---------+-------
      Total |    2635 |     529 |  16.7 |     144 |       4 |   2.7
            +---------+---------+-------+---------+---------+-------
        D:1 |      33 |       0 |   0.0 |      19 |       0 |   0.0
        D:2 |     101 |       0 |   0.0 |      26 |       0 |   0.0
        D:3 |     262 |     212 |  44.7 |      32 |       1 |   3.0
        D:4 |     337 |       0 |   0.0 |       9 |       0 |   0.0
        D:5 |     614 |       0 |   0.0 |      25 |       0 |   0.0
        D:6 |     921 |       0 |   0.0 |      26 |       0 |   0.0
        D:7 |     295 |       0 |   0.0 |       6 |       0 |   0.0
        D:8 |      72 |     317 |  81.5 |       1 |       3 |  75.0
            +---------+---------+-------+---------+---------+-------
